 Dungeon Crawl Stone Soup version 0.28-a0-297-g99b01970c5 (webtiles) character file.

Game seed: 13430374641871178854

466 Anathary the Slasher (level 6, 0/48 HPs)
             Began as a Demonspawn Berserker on Aug 29, 2021.
             Was a Believer of Trog.
             Slain by a gnoll sergeant (10 damage)
             ... on level 6 of the Dungeon.
             The game lasted 00:21:02 (5325 turns).

Anathary the Slasher (Demonspawn Berserker)         Turns: 5325, Time: 00:21:03

Health: 0/48       AC:  4    Str: 19    XL:     6   Next: 81%
Magic:  6/6        EV: 17    Int:  8    God:    Trog [**....]
Gold:   277        SH:  0    Dex: 13    Spells: 5/5 levels left

rFire   . . .      SeeInvis .   a - +0 falchion
rCold   . . .      Faith    .   (no shield)
rNeg    . . .      Spirit   .   b - +0 animal skin
rPois   .          Reflect  .   (helmet restricted)
rElec   .          Harm     .   (no cloak)
rCorr   .          Rampage  .   (no gloves)
Will    .....                   (no boots)
Stlth   +.........              (no amulet)
HPRegen 0.16/turn               c - +4 ring of evasion
MPRegen 0.10/turn               (no ring)

@: no status effects
A: antennae 2, slimy green scales 1, spiny 1, demonic magic 1
a: Renounce Religion, Berserk, Trog's Hand


You were on level 6 of the Dungeon.
You worshipped Trog.
Trog was pleased with you.
You visited 1 branch of the dungeon, and saw 6 of its levels.

You collected 277 gold pieces.

Inventory:

Hand Weapons
 a - a +0 falchion (weapon)
Armour
 b - a +0 animal skin (worn)
Jewellery
 c - a +4 ring of evasion (left hand)
 m - a ring of willpower
Wands
 q - a wand of flame (5)
Scrolls
 d - 5 scrolls of teleportation {unknown}
 h - a scroll of brand weapon {unknown}
 k - 2 scrolls of amnesia {unknown}
 l - 4 scrolls of enchant weapon {unknown}
 r - a scroll of identify {unknown}
 t - a scroll of fear {unknown}
Potions
 e - 2 potions of curing {unknown}
 f - a potion of might {unknown}
 g - 2 potions of heal wounds {unknown}
 i - a potion of resistance {unknown}
 j - 3 potions of attraction {unknown}
 n - 2 potions of experience {unknown}
 o - a potion of brilliance {unknown}
 p - a potion of ambrosia {unknown}
 s - 2 potions of flight {unknown}


   Skills:
 + Level 4.2 Fighting
 + Level 5.5 Long Blades
 + Level 2.0 Armour
 + Level 3.6 Dodging


You had 5 spell levels left.
You didn't know any spells.
Your spell library was empty.

Dungeon Overview and Level Annotations

Branches:
Dungeon (6/15)             Temple (0/1) D:4

Altars:

Shops:
D:1 (   D:2 (


Innate Abilities, Weirdness & Mutations

You have a pair of antennae on your head.
You are partially covered in slimy green scales. (AC +2)
You are partially covered in sharp spines.
Spells you cast may paralyse adjacent enemies.


Message History

Trog accepts your kill.
You barely miss the gnoll sergeant.
The gnoll sergeant is lightly wounded.
The gnoll is struck by your spines. The gnoll closely misses you.
The gnoll sergeant hits you with a +0 spear!
A black bear comes into view.
The white imp gestures at you. The puff of frost hits you.
The gnoll sergeant blocks your attack.
The gnoll sergeant is lightly wounded.
The black bear growls angrily.
The gnoll is struck by your spines.
You kill the gnoll!
Trog accepts your kill. The gnoll sergeant closely misses you.
The white imp is struck by your spines. The white imp closely misses you.
The gnoll sergeant blocks your attack.
The gnoll sergeant is lightly wounded.
The gnoll sergeant hits you with a +0 spear.
* * * LOW HITPOINT WARNING * * *
The white imp hits you but does no damage.
You hit the gnoll sergeant but do no damage.
The gnoll sergeant is lightly wounded.
The gnoll sergeant closely misses you.
The black bear is struck by your spines.
The black bear barely misses you. The black bear closely misses you.
The black bear misses you. The white imp completely misses you.
You hit the gnoll sergeant but do no damage.
The gnoll sergeant is lightly wounded.
The gnoll sergeant misses you.
The black bear is struck by your spines.
The black bear bites you.
* * * LOW HITPOINT WARNING * * *
The black bear misses you. The black bear closely misses you.
The white imp summons a swarm of flies.
The white imp is struck by your spines. The white imp misses you.
You hit the gnoll sergeant.
The gnoll sergeant is lightly wounded.
The gnoll sergeant hits you with a +0 spear!
You die...

.. ♣...# ...# ...# ..#
#### ..#....#
#########+#.#....#
#.........5hgg...#
#####.#######.#@#{##.#
#...#.#######.#o#{
#.#.#.#.......#.#
#.#.#.#.#####.#.#
##.#.#.#.#######.#
..................
####.###########.#
#.#<....... ...
#......5.##


You could see a black bear, a gnoll sergeant, a gnoll, a white imp and an orc.

Vanquished Creatures
  2 necrophages
  2 hounds
  A jelly (D:4)
  An iguana (D:4)
  A hound skeleton (D:5)
  2 gnolls (D:6)
  6 adders
  A shadow imp (D:6)
  An ufetubus (D:5)
  2 worms
  A dart slug (D:2)
  An orc (D:6)
  12 ball pythons
  6 endoplasms
  2 giant cockroaches
  5 goblins
  10 hobgoblins
  4 jackals (D:5)
  6 kobolds
  A quokka (D:2)
  6 bats
  A frilled lizard (D:1)
  6 rats
80 creatures vanquished.

Vanquished Creatures (others)
  22 plants (D:2)
22 creatures vanquished.

Grand Total: 102 creatures vanquished

Notes
Turn   | Place    | Note
-------+----------+-------------------------------------------
     0 | D:1      | Anathary the Demonspawn Berserker began the quest for the
                  | Orb.
     0 | D:1      | Reached XP level 1. HP: 18/18 MP: 1/1
   344 | D:1      | Reached skill level 3 in Long Blades
   344 | D:1      | Gained mutation: You are partially covered in slimy green
                  | scales. (AC +2) [demonic ancestry]
   344 | D:1      | Reached XP level 2. HP: 19/24 MP: 2/2
   555 | D:1      | Found Ameiggui's Weapon Emporium.
  1261 | D:2      | Found Epeudug's Weapon Shoppe.
  1321 | D:2      | Gained mutation: Spells you cast may paralyse adjacent
                  | enemies. [demonic ancestry]
  1321 | D:2      | Reached XP level 3. HP: 17/29 MP: 3/3
  1586 | D:2      | Reached ** piety under Trog
  2282 | D:3      | Gained mutation: You have a pair of small antennae on your
                  | head. [demonic ancestry]
  2282 | D:3      | Reached XP level 4. HP: 33/35 MP: 4/4
  2744 | D:3      | Reached skill level 4 in Long Blades
  3050 | D:3      | Found a faded altar of an unknown god.
  3258 | D:4      | Gained mutation: You are partially covered in sharp spines.
                  | [demonic ancestry]
  3258 | D:4      | Reached XP level 5. HP: 30/41 MP: 5/5
  3728 | D:4      | Noticed a necrophage
  3736 | D:4      | Killed a necrophage
  3879 | D:4      | Found a staircase to the Ecumenical Temple.
  3930 | D:4      | Gained mutation: You have a pair of antennae on your head.
                  | [demonic ancestry]
  3930 | D:4      | Reached XP level 6. HP: 48/48 MP: 6/6
  4146 | D:4      | Reached skill level 5 in Long Blades
  4423 | D:5      | Entered Level 5 of the Dungeon
  5325 | D:6      | Slain by a gnoll sergeant

Illustrated notes

Levels and vault maps discovered:
D:1:      dpeg_arrival_rooms_b, layout_rooms, serial_shops, nicolae_shop_trees
D:2:      layout_basic, serial_shops, shop, serial_bayou_lake_a
D:3:      layout_loops_corners, shapermc_ecumenical_altar_acropolis
D:4:      layout_loops_ring, minmay_temple_entry_mini_moons
D:5:      layout_basic, moated_statue
D:6:      layout_basic, mainiacjoe_overflow_small_starburst,
          portal_sewer_entry_e, minivault_4, uniq_maggie

Skill      XL: |  1  2  3  4  5  6 |
---------------+-------------------+-----
Long Blades    | 3 4 5 |  5.5
Armour         | 2 |  2.0
Dodging        | 2 3 |  3.6
Fighting       | 4 |  4.2

Action                   |  1- 3 |  4- 6 || total
-------------------------+-------+-------++-------
Melee: Falchion          |   149 |   112 ||   261
 Stab: Sleeping          |       |     2 ||     2
Armor: Animal skin       |    29 |    27 ||    56
Dodge: Dodged            |   107 |   118 ||   225

Table legend: (Time is in decaauts)
 A = Elapsed time spent in this place.
 B = Non-inter-level travel time spent in this place.
 C = Inter-level travel time spent in this place.
 D = Time resting spent in this place.
 E = Time spent auto-exploring this place.
 F = Levels seen in this place.
 G = Mean time per level.
                   A        B        C        D        E       F      G
               +--------+--------+--------+--------+--------+-----+--------+
         Total |   5371 |   5251 |    120 |   1593 |   1204 |   6 |  895.2 |
       Dungeon |   5371 |   5251 |    120 |   1593 |   1204 |   6 |  895.2 |
               +--------+--------+--------+--------+--------+-----+--------+

Top non-repeatable levels by time:
     D:2: 1322 daAuts
     D:4: 1182 daAuts
     D:3: 1087 daAuts
     D:1: 877 daAuts
     D:5: 861 daAuts
     D:6: 40 daAuts
